 Dungeon Sprint DCSS version 0.21-a0-238-geb0acef (webtiles) character file.

105 Kidiri the Thaumaturge (level 4, 0/24 HPs)
             Began as a Deep Elf Fire Elementalist on Sept 2, 2017.
             Slain by a water elemental (5 damage)
             ... in the Dungeon (Sprint III: "The Ten Rune Challenge").
             The game lasted 00:01:52 (325 turns).

Kidiri the Thaumaturge (Deep Elf Fire Elementalist)  Turns: 325, Time: 00:01:53

Health: 0/24       AC:  4    Str:  5    XL:     4   Next: 53%
Magic:  10/17      EV: 13    Int: 21    God:
Gold:   23         SH:  0    Dex: 15    Spells: 8/21 levels left

rFire    . . .     SeeInvis .   (no weapon)
rCold    + . .     Gourm    .   (no shield)
rNeg     . . .     Faith    .   a - +2 robe {rC+}
rPois    .         Spirit   .   (helmet restricted)
rElec    .         Reflect  .   (no cloak)
rCorr    .         Harm     .   (no gloves)
MR       +....     NoTele   +   (no boots)
Stlth    ++........             (no amulet)
HPRegen  0.08/turn              (no ring)
MPRegen  0.15/turn              (no ring)

@: very slightly contaminated
A: antennae 1, magic resistance 1, wild magic 1
a: no special abilities


You were in the Dungeon.
You were not hungry.

You visited 1 branch You collected 23 gold pieces.

Inventory:

Armour
 a - a +2 robe of cold resistance (worn)
Scrolls
 i - a scroll of blinking
 m - a scroll of holy word {unknown}
 o - a scroll of fog {unknown}
 q - a scroll of immolation {unknown}
 r - 2 scrolls of remove curse
Potions
 d - a potion of curing
 e - a potion of heal wounds
 f - a potion of haste
 g - 2 potions of magic
 h - a potion of berserk rage
 j - a potion of ambrosia
 l - 3 potions of mutation
 p - a potion of flight
 s - a potion of might {unknown}
Books
 b - a book of Flames

   Spells                             Type                      Level
   a - Flame Tongue                   Conjuration/Fire             1
   b - Throw Flame                    Conjuration/Fire             2
   c - Conjure Flame                  Conjuration/Fire             3
   d - Inner Flame                    Hexes/Fire                   3
   e - Sticky Flame                   Conjuration/Fire             4
   f - Fireball                       Conjuration/Fire             5
Comestibles
 c - 3 bread rations
 k - 4 chunks of flesh


   Skills:
 - Level 2.4 Dodging
 - Level 2.4 Stealth
 * Level 9.0 Spellcasting
 + Level 4.8 Conjurations
 + Level 5.9 Fire Magic


You had 8 spell levels left.
You knew the following spells:

 Your Spells              Type           Power        Failure   Level  Hunger
a - Flame Tongue          Conj/Fire      #####        1%          1    None
b - Throw Flame           Conj/Fire      #####.       2%          2    None
c - Conjure Flame         Conj/Fire      #####...     4%          3    None
d - Inner Flame           Hex/Fire       ####....     10%         3    None
e - Sticky Flame          Conj/Fire      #####...     12%         4    ###....


Dungeon Overview and Level Annotations

Branches:
Dungeon (1/1)

Altars:


Innate Abilities, Weirdness & Mutations

You have a pair of small antennae on your head.
You are resistant to hostile enchantments. (MR+)
Your spells are a little harder to cast, but a little more powerful.


Message History

The water elemental is burned terribly!
The water elemental is heavily damaged.
The water elemental hits you!!
Ouch! That really hurt!
* * * LOW HITPOINT WARNING * * *
The water elemental engulfs you in water!
With effort, you pull free of the water engulfing you.
You gasp with relief as air once again reaches your lungs.
The water elemental barely misses you.
Unknown command.
Casting: Flame Tongue
Confirm with . or Enter, or press ? or * to list all spells.
Aiming: Flame Tongue
Press: ? - help, Shift-Dir - straight line, f/p - water elemental
Aim: a water elemental (heavily damaged)
The flame tongue hits the water elemental.
The water elemental appears unharmed.
The water elemental is heavily damaged.
The water elemental hits you.
You die...

▓▓▓▓▓▓▓▓ ▓▓▓ <..#...####
##.# ...#......#####..#
..##..[....#..#..#
##.##.##...#..#..###+#+#
##.##.###..##+#..#......
#.####.##..###...'.⌠....
.###..##..####..E#
#.....##..###...@#
###..##...##.....#
##..##....#......#
#..###..##.#.....# #..#
#..#####....# ▓▓▓▓ ▓▓▓▓
▓▓▓▓▓▓


You could see a water elemental.

Vanquished Creatures
  A scorpion (D)
  Jessica (D)
  A human (D)
  2 oozes (D)
5 creatures vanquished.

Vanquished Creatures (others)
  2 draconian scorchers (D)
  6 hellions (D)
  A yaktaur (D)
9 creatures vanquished.

Grand Total: 14 creatures vanquished

Notes
Turn   | Place    | Note
-------+----------+-------------------------------------------
     0 | D        | Kidiri the Deep Elf Fire Elementalist began the quest for the Orb.
     0 | D        | Reached XP level 1. HP: 10/10 MP: 6/6
     9 | D        | Reached skill level 4 in Spellcasting
    51 | D        | Reached skill level 5 in Spellcasting
    51 | D        | Reached XP level 2. HP: 12/15 MP: 5/10
    62 | D        | Learned a level 2 spell: Throw Flame
    72 | D        | Killed a yaktaur
    96 | D        | Killed a hellion
   104 | D        | Noticed Jessica
   108 | D        | Killed a hellion
   112 | D        | Killed Jessica
   112 | D        | Reached skill level 6 in Spellcasting
   112 | D        | Reached XP level 3. HP: 19/19 MP: 5/13
   117 | D        | Learned a level 3 spell: Conjure Flame
   117 | D        | Killed a hellion
   121 | D        | Learned a level 3 spell: Inner Flame
   130 | D        | Killed a hellion
   132 | D        | Killed a hellion
   136 | D        | Killed a hellion
   181 | D        | Noticed a scorpion
   182 | D        | Killed a white draconian scorcher
   188 | D        | Killed a scorpion
   188 | D        | Reached skill level 8 in Spellcasting
   188 | D        | Reached skill level 5 in Fire Magic
   188 | D        | Reached XP level 4. HP: 24/24 MP: 11/16
   194 | D        | Learned a level 4 spell: Sticky Flame
   228 | D        | Reached skill level 9 in Spellcasting
   234 | D        | Killed a white draconian scorcher
   250 | D        | Gained mutation: Your spells are a little easier to cast, but a little less powerful. [potion of mutation]
   250 | D        | Gained mutation: You have an increased reservoir of magic. (+10% MP) [potion of mutation]
   251 | D        | Lost mutation: Your spells are a little easier to cast, but a little less powerful. [potion of mutation]
   251 | D        | Lost mutation: You have an increased reservoir of magic. (+10% MP) [potion of mutation]
   251 | D        | Gained mutation: You have a pair of small antennae on your head. [potion of mutation]
   251 | D        | Gained mutation: You are resistant to hostile enchantments. (MR+) [potion of mutation]
   251 | D        | Gained mutation: Your spells are a little harder to cast, but a little more powerful. [potion of mutation]
   319 | D        | Noticed a water elemental
   325 | D        | Slain by a water elemental

Vault maps used:
D:        dungeon_sprint_mu

Skill      XL: |  1  2  3  4 |
---------------+-------------+-----
Spellcasting   | 5 6 8 9 |  9.0
Conjurations   | 2 3 4 |  4.8
Fire Magic     | 4 5 |  5.9
Dodging        | |  2.4
Stealth        | |  2.4

Action                   |  1- 3 |  4- 6 || total
-------------------------+-------+-------++-------
 Cast: Flame Tongue      |    13 |     9 ||    22
       Throw Flame       |       |     1 ||     1
       Sticky Flame      |       |     1 ||     1
  Use: Scroll            |       |     2 ||     2
       Potion            |       |     2 ||     2
Dodge: Dodged            |     1 |     4 ||     5

Table legend:
 A = Spawn XP
 B = Non-spawn XP
 C = Spawn XP percentage of total XP
 D = Spawn monster count
 E = Non-spawn monster count
 F = Spawn count percentage of total count
 G = Total turns spent on level
                    A         B        C        D         E        F      G
               +---------+---------+-------+---------+---------+-------+---------
         Total |       0 |     150 |   0.0 |       0 |       5 |   0.0 |   325
               +---------+---------+-------+---------+---------+-------+---------
             D |       0 |     150 |   0.0 |       0 |       5 |   0.0 |   325
               +---------+---------+-------+---------+---------+-------+---------
